Map: Eternal Empire LE

Players

Ratl - Winner!

  • Race: Protoss Protoss
  • League: Silver
  • Spawn Location: 1:00

Chacal

  • Race: Terran Terran
  • Spawn Location: 7:00

VOD

Have the link to the VOD?

Description

Time

  • Played on: Jan. 14, 2020, 4:32 p.m.
  • Length: 10:50
Show
View Real Time Build Order
Export as new Build Order

Ratl Protoss - Winner!

Build Orders:  

Get SALT Encoding   

  12  0:02  Probe  
  13  0:14  Probe  
  14  0:22  Pylon  
  14  0:26  Probe  
  15  0:40  Probe (Chrono Boost)  
  16  0:42  Gateway  
  16  0:52  Probe (Chrono Boost)  
  17  0:57  Probe (Chrono Boost)  
  17  0:59  Gateway  
  18  1:06  Assimilator  
  18  1:07  Probe  
  19  1:19  Probe, Assimilator  
  20  1:31  Probe, Cybernetics Core  
  21  1:43  Probe  
  22  1:55  Probe  
  22  2:00  Pylon  
  23  2:05  Pylon  
  23  2:10  Warp Gate (Chrono Boost)  
  23  2:18  Probe, Adept x2  
  28  2:30  Probe  
  29  2:42  Probe  
  30  2:46  Nexus  
  30  2:54  Probe  
  31  3:06  Probe  
  32  3:13  Pylon, Stargate  
  32  3:18  Probe, Pylon  
  33  3:30  Probe  
  34  3:43  Probe  
  35  3:55  Probe  
  36  4:07  Probe  
  37  4:11  Robotics Facility  
  37  4:12  Assimilator  
  37  4:14  Oracle  
  40  4:22  Probe x2  
  42  4:28  Stargate  
  42  4:32  Pylon  
  42  4:34  Probe x2  
  42  4:35  Pylon  
  44  4:49  Probe  
  44  4:50  Probe  
  44  4:52  Oracle  
  45  5:01  Warp Prism  
  45  5:02  Probe x2  
  49  5:08  Assimilator  
  49  5:14  Probe x2  
  51  5:15  Oracle  
  54  5:25  Forge  
  54  5:28  Stalker x2  
  54  5:29  Oracle  
  61  5:37  Probe x2, Observer  
  61  5:40  Gateway  
  61  5:42  Gateway  
  64  5:49  Probe x2  
  66  5:56  Nexus  
  66  6:01  Probe x2  
  66  6:03  Immortal  
  72  6:13  Probe x2  
  74  6:20  Void Ray x2  
  82  6:25  Probe x2  
  84  6:41  Stalker  
  86  6:57  Photon Cannon  
  86  6:59  Pylon  
  86  7:01  Pylon, Assimilator x2  
  86  7:02  Pylon  
  86  7:08  Probe x2, Immortal  
  92  7:18  Photon Cannon  
  92  7:20  Probe (Chrono Boost)  
  94  7:23  Protoss Shields Level 1 (Chrono Boost)  
  94  7:24  Probe (Chrono Boost)  
  95  7:30  Protoss Air Weapons Level 1  
  95  7:31  Probe (Chrono Boost)  
  95  7:35  Void Ray  
  95  7:36  Probe (Chrono Boost)  
  99  7:39  Phoenix  
  102  7:47  Probe x3  
  105  7:59  Probe x3  
  108  8:21  Photon Cannon  
  108  8:22  Void Ray x2  
  108  8:24  Photon Cannon  
  108  8:25  Nexus  
  108  8:26  Assimilator x2  
  116  8:27  Pylon  
  116  8:30  Pylon  
  116  8:31  Pylon  
  116  8:34  Pylon  
  110  8:45  Stalker x3  
  110  8:46  Stalker  
  115  8:55  Fleet Beacon  
  115  9:01  Stargate  
  115  9:02  Stargate  
  115  9:10  Void Ray  
  115  9:14  Zealot  
  115  9:15  Zealot x3  
  125  10:00  Stalker x4  
  111  10:41  Stalker x4  
Show
View Real Time Build Order
Export as new Build Order

Chacal Terran 

Build Orders:  

Get SALT Encoding   

  12  0:03  SCV  
  13  0:15  SCV  
  14  0:32  Supply Depot  
  14  0:34  SCV  
  15  0:54  SCV  
  15  0:55  Supply Depot  
  16  1:05  Barracks  
  16  1:06  SCV  
  18  1:18  SCV  
  18  1:25  Refinery  
  18  1:30  SCV  
  19  1:42  SCV  
  20  1:49  Supply Depot  
  20  1:54  SCV  
  21  2:07  SCV  
  22  2:16  Refinery  
  22  2:18  Marine, Bunker  
  22  2:19  SCV  
  24  2:31  SCV  
  24  2:36  Marine  
  26  2:43  SCV  
  27  2:54  Marine  
  27  2:55  SCV  
  29  3:02  Supply Depot  
  29  3:07  SCV  
  29  3:12  Marine  
  31  3:25  Supply Depot  
  31  3:26  Barracks  
  31  3:30  Marine  
  30  3:46  SCV  
  30  3:48  Reaper  
  30  3:49  Supply Depot  
  29  3:58  SCV  
  30  4:10  SCV  
  31  4:19  Engineering Bay  
  31  4:20  Reaper  
  31  4:23  SCV  
  33  4:35  SCV  
  34  4:47  SCV  
  34  4:52  Reaper  
  36  4:53  Reaper  
  36  4:59  SCV  
  38  5:11  SCV  
  38  5:12  Missile Turret  
  39  5:24  Reaper  
  39  5:25  Reaper  
  39  5:26  Supply Depot  
  41  5:30  Terran Infantry Weapons Level 1  
  41  5:50  Supply Depot  
  41  5:56  Reaper  
  42  5:57  Reaper  
  42  6:01  Ghost Academy  
  32  6:28  Reaper  
  32  6:29  Reaper  
  25  6:43  SCV  
  26  6:55  SCV  
  26  7:00  Reaper  
  29  7:01  Reaper  
  29  7:07  SCV  
  30  7:09  Missile Turret  
  30  7:19  SCV  
  31  7:24  Terran Infantry Armor Level 1  
  31  7:29  Missile Turret  
  31  7:31  SCV  
  31  7:32  Reaper  
  31  7:33  Reaper  
  34  7:53  Missile Turret  
  34  8:08  SCV  
  34  8:11  Reaper  
  36  8:16  Barracks Tech Lab  
  36  8:17  Missile Turret  
  36  8:20  SCV  
  37  8:32  SCV  
  38  8:49  Missile Turret  
  38  8:58  Marauder  
  40  9:03  SCV  
  40  9:06  Barracks Reactor  
  41  9:14  Missile Turret  
  41  9:15  SCV  
  42  9:18  Hi-Sec Auto Tracking  
  42  9:19  Marauder  
  44  9:31  Missile Turret  
  44  9:35  Missile Turret  
  44  9:41  Marauder  
  46  9:55  Missile Turret  
  45  10:02  Marauder  
Tags
 
Add a new tag
Caveats
  • Supply blocks, unpowered buildings, or Contaminate may cause inaccurate times.
  • Supply counts are checked every 10 seconds.